 Dungeon Crawl Stone Soup version 0.21.1-1-g345015fe64 (webtiles) character file.

16788 Kohma the Blocker (level 12, -8/70 HPs)
             Began as a Gargoyle Fighter on June 28, 2018.
             Was the Champion of Okawaru.
             Mangled by a two-headed ogre
             ... wielding a +0 giant club
              (16 damage)
             ... on level 12 of the Dungeon.
             The game lasted 00:40:47 (12339 turns).

Kohma the Blocker (Gargoyle Fighter)               Turns: 12339, Time: 00:40:48

Health: -8/70      AC: 43    Str: 28    XL:     12   Next: 41%
Magic:  12/12      EV:  8    Int: 11    God:    Okawaru [******]
Gold:   352        SH: 15    Dex: 18    Spells: 11/11 levels left

rFire    . . .     SeeInvis .   M - +2 morningstar (freeze)
rCold    . . .     Gourm    .   c - +0 shield
rNeg     + . .     Faith    +   l - +12 chain mail of Hedge Wizardry {rPois Dex+5 Stlth+}
rPois    ∞         Spirit   .   e - +1 helmet {Int+3}
rElec    +         Reflect  .   b - +0 cloak
rCorr    .         Harm     .   F - +2 pair of gloves {Str+3}
MR       .....                  s - +1 pair of boots
Stlth    ..........             y - amulet of faith
HPRegen  0.21/turn              A - +3 ring of protection
MPRegen  0.13/turn              C - +3 ring of dexterity

@: about to teleport
A: negative energy resistance 1, electricity resistance, unbreathing,
petrification resistance, rot immunity, AC +8
a: Heroism, Finesse, Renounce Religion


You were on level 12 of the Dungeon.
You worshipped Okawaru.
Okawaru was exalted by your worship.
You were not hungry.

You visited 2 branches of the dungeon, and saw 13 of its levels.
You also visited: Bailey.

You collected 708 gold pieces.
You spent 356 gold pieces at shops.

Inventory:

Hand Weapons
 M - a +2 morningstar of freezing (weapon)
Missiles
 I - 5 javelins of penetration (quivered)
 W - 4 steel javelins
Armour
 b - a +0 cloak (worn)
 c - a +0 shield (worn)
 e - a +1 helmet of intelligence (worn)
 k - a +0 large shield
 l - the +12 chain mail of Hedge Wizardry (worn) {rPois Dex+5 Stlth+}
   (You took it off an orc on level 6 of the Dungeon)

   It affects your dexterity (+5).
   It protects you from poison.
   It makes you more stealthy.
 p - a cursed -2 scale mail
 s - a +1 pair of boots (worn)
 F - a +2 pair of gloves of strength (worn)
 G - a +0 helmet
 L - a +0 plate armour of fire resistance
Jewellery
 d - an uncursed amulet of regeneration {unknown}
 j - an uncursed ring of resist corrosion
 o - an uncursed ring of flight
 u - an uncursed ring of stealth
 v - an uncursed ring of protection from cold
 y - an amulet of faith (around neck)
 A - a +3 ring of protection (left hand)
 C - a +3 ring of dexterity (right hand)
Wands
 a - a wand of digging (7)
 x - a wand of paralysis (37)
 X - a wand of clouds (4)
 Z - a wand of polymorph (13)
Scrolls
 g - 5 scrolls of teleportation
 n - 4 scrolls of enchant weapon
 B - 5 scrolls of remove curse
 O - 3 scrolls of enchant armour
 R - a scroll of blinking
 S - 2 scrolls of holy word
Potions
 h - 9 potions of curing
 i - a potion of berserk rage
 m - 2 potions of mutation
 r - a potion of flight
 t - 2 potions of ambrosia
 w - a potion of lignification
 z - 2 potions of magic
 E - 2 potions of agility
 K - 2 potions of haste
 U - 2 potions of heal wounds {unknown}
Miscellaneous
 q - a fan of gales
 V - a phial of floods
Comestibles
 f - 23 rations
 D - 8 chunks of flesh


   Skills:
 - Level 6.0 Fighting
 * Level 13.1 Maces & Flails
 - Level 6.0 Armour
 * Level 14.4 Shields


You had 11 spell levels left.
You didn't know any spells.

Dungeon Overview and Level Annotations

Branches:
Dungeon (12/15)            Temple (1/1) D:4            Lair (0/6) D:11
    Orc (0/2) D:11

Altars:
Ashenzari
Cheibriados
Dithmenos
Elyvilon
Fedhas
Gozag
Hepliaklqana
Kikubaaqudgha
Makhleb
Nemelex Xobeh
Okawaru
Qazlal
Ru
Sif Muna
Trog
Uskayaw
Vehumet
Wu Jian
Xom
Yredelemnul
Zin
The Shining One

Shops:
D:7 [   D:8 ?


Innate Abilities, Weirdness & Mutations

You are resistant to torment.
Your stone body is resilient. (AC +8)
You are immune to poison.
You resist negative energy. (rN+)
You are resistant to electric shocks. (rElec)
You can survive without breathing.
You are immune to petrification.
You are immune to rotting.


Message History

Okawaru accepts your kill.
You block the two-headed ogre's attack. x2
Something hits you but does no damage. Something bites you.
You puncture the two-headed ogre! You freeze the two-headed ogre!
The two-headed ogre is moderately wounded.
You block the two-headed ogre's attack.
The two-headed ogre hits you with a giant spiked club!
* * * LOW HITPOINT WARNING * * *
Unholy energy fills the air.
* * * LOW HITPOINT WARNING * * *
As you read the scroll of teleportation, it crumbles to dust.
You feel strangely unstable. The two-headed ogre closely misses you.
The two-headed ogre hits you but does no damage.
Something hits you.
* * * LOW HITPOINT WARNING * * *
You block something's attack.
Okay, then.
You fail to use your ability.
The two-headed ogre hits you with a giant club!
You die...

*****,**,,,,,,*,,,*,,,,,,,,,,,,,,
,,,,,,,,*##.....,.#.)#***,*,*,,,,
*,,,,,,,,.......,....# *,*,*,,∩,
*,**,,,**##%....,....##**,*,*,,,,
*,**,,,* #.....%,...).,,,,*,*,,,,
*,**,,,* #......#.%..###**,,,,,,,
,,,*,,,**#........,....*,,,,,,,**
,*,,,,,,**#...%{.#...#.#,*,,,,,*
,,,***,,* *,#..#@#o.....,,*,*,**
*,****,,***,#...OOo.....,,,,*,* *
,,,,,*,,.##<.#.#$##.....,,,,*,***
,,**,*,,#.#,*##..##,....,,,,*,**,
,,**,*,*##.#####.)#,,...,,,,*,*,,
,,,,,,,,#.....#..†#,....,,,**,,,,
,,**,,,,..........#.....,,,,,,,,,
,*****,**##...#.#........,,,,,,,,
** *,* ##...........##******,,


You could see 2 two-headed ogres and an orc priest.

Vanquished Creatures
  The ghost of test1 the Severer, a journeyman HOFi of Makhleb (D:10)
  Snorg (D:10)
  Erolcha (D:9)
  The ghost of HypnoRock the Fencer, a journeyman BaFi of Cheibriados (D:11)
  2 centaur warriors
  2 two-headed ogres (D:11)
  An unseen horror (D:11)
  Pikel (D:4)
  An orc knight (Bailey)
  An ugly thing (D:11)
  A troll (D:11)
  A hippogriff (D:12)
  Sigmund (D:4)
  10 yaks
  2 shadows
  A wyvern (D:11)
  2 wargs (D:11)
  2 water moccasins
  Duvessa (D:6)
  An eye of draining (D:11)
  18 orc warriors
  2 ice beasts
  A sky beast (D:5)
  3 ogres
  8 centaurs
  2 big kobolds
  5 bullfrogs
  Dowan (D:6)
  4 scorpions
  A wyvern skeleton (D:9)
  4 killer bees (D:9)
  8 wights
  2 howler monkeys (D:8)
  An electric eel (D:7)
  5 crimson imps
  A bullfrog zombie (D:6)
  A centaur zombie (D:9)
  4 hounds
  2 bullfrog skeletons
  2 jellies
  Crazy Yiuf (D:5)
  14 orc priests
  11 orc wizards
  2 iguanas
  12 worker ants
  2 hound skeletons (D:4)
  A worker ant zombie (D:11)
  13 adders
  A shadow imp (D:7)
  4 oozes
  5 adder skeletons
  A worm (D:2)
  6 dart slugs
  8 leopard geckos
  87 orcs
  2 giant cockroaches
  14 goblins
  10 hobgoblins
  22 jackals
  10 kobolds
  7 quokkas
  16 bats
  3 frilled lizards
  A leopard gecko skeleton (D:7)
  8 rats
  A plant (D:11)
371 creatures vanquished.

Vanquished Creatures (others)
  Prince Ribbit (D:9)
  3 gnolls (D:4)
  A howler monkey skeleton (D:4)
  An ooze (D:4)
  A worm (D:4)
  2 plants (D:7)
9 creatures vanquished.

Grand Total: 380 creatures vanquished

Notes
Turn   | Place    | Note
-------+----------+-------------------------------------------
     0 | D:1      | Kohma the Gargoyle Fighter began the quest for the Orb.
     0 | D:1      | Reached XP level 1. HP: 14/14 MP: 1/1
   263 | D:1      | Reached XP level 2. HP: 19/19 MP: 2/2
   552 | D:1      | Reached XP level 3. HP: 18/23 MP: 3/3
  1235 | D:2      | Reached skill level 4 in Shields
  1235 | D:2      | Reached XP level 4. HP: 28/29 MP: 4/4
  1602 | D:2      | Reached XP level 5. HP: 31/33 MP: 5/5
  1933 | D:2      | Found a burning altar of Makhleb.
  2352 | D:3      | Reached skill level 5 in Shields
  2352 | D:3      | Reached XP level 6. HP: 35/38 MP: 6/6
  2456 | D:3      | Found a radiant altar of Vehumet.
  2501 | D:3      | Found a radiant altar of Vehumet.
  2892 | D:4      | Found a staircase to the Ecumenical Temple.
  2897 | Temple   | Entered the Ecumenical Temple
  2971 | Temple   | Became a worshipper of Warmaster Okawaru
  3474 | D:4      | Noticed an ice beast
  3514 | D:3      | Killed an ice beast
  3514 | D:3      | Reached XP level 7. HP: 8/44 MP: 7/7
  4002 | D:4      | Noticed Pikel
  4031 | D:4      | Killed Pikel
  4031 | D:4      | Reached * piety under Okawaru
  4031 | D:4      | Reached skill level 5 in Fighting
  4031 | D:4      | Reached skill level 5 in Maces & Flails
  4031 | D:4      | Reached skill level 5 in Armour
  4031 | D:4      | Reached skill level 6 in Shields
  4031 | D:4      | Reached XP level 8. HP: 35/49 MP: 8/8
  4207 | D:4      | Noticed Sigmund
  4220 | D:4      | Killed Sigmund
  4220 | D:4      | Reached skill level 7 in Shields
  4645 | D:5      | Entered Level 5 of the Dungeon
  4752 | D:5      | Found a runed door.
  4756 | D:5      | Noticed Crazy Yiuf
  4763 | D:5      | Killed Crazy Yiuf
  4920 | D:5      | Reached ** piety under Okawaru
  5042 | D:5      | Reached XP level 9. HP: 45/55 MP: 9/9
  5075 | D:5      | Reached skill level 8 in Shields
  5422 | D:6      | Got a diamond-encrusted chain mail
  5499 | D:6      | Found a glowing silver altar of Zin.
  5813 | D:6      | Noticed Dowan
  5819 | D:6      | Noticed Duvessa
  5831 | D:6      | Killed Duvessa
  5844 | D:6      | Killed Dowan
  6027 | D:7      | Found Rizubeju's Armour Emporium.
  6036 | D:7      | Bought a +2 pair of gloves of strength for 236 gold pieces
  6063 | D:7      | Identified the +12 chain mail of Hedge Wizardry {rPois Dex+5 Stlth+} (You took it off an orc on level 6 of the Dungeon)
  6215 | D:7      | Reached skill level 9 in Shields
  6268 | D:7      | Found an ornate altar of the Wu Jian Council.
  6417 | D:7      | Reached *** piety under Okawaru
  6427 | D:7      | Received a gift from Okawaru
  6683 | D:7      | Reached skill level 10 in Shields
  6683 | D:7      | Reached XP level 10. HP: 29/60 MP: 10/10
  7284 | D:8      | Found Ceog's Magic Scroll Shoppe.
  7318 | D:8      | Bought a scroll of identify for 30 gold pieces
  7318 | D:8      | Bought a scroll of identify for 30 gold pieces
  7318 | D:8      | Bought a scroll of identify for 30 gold pieces
  7318 | D:8      | Bought a scroll of identify for 30 gold pieces
  7893 | D:9      | Found a sacrificial altar of Ru.
  8054 | D:9      | Found a stormy altar of Qazlal.
  8157 | D:9      | Noticed Prince Ribbit
  8158 | D:9      | Noticed Erolcha
  8177 | D:9      | Killed Prince Ribbit
  8185 | D:9      | Killed Erolcha
  8185 | D:9      | Reached **** piety under Okawaru
  8356 | D:9      | Reached skill level 11 in Shields
  8534 | D:9      | Reached skill level 10 in Maces & Flails
  8629 | D:10     | Entered Level 10 of the Dungeon
  8695 | D:10     | Found a flagged portal.
  8711 | Bailey   | Entered a bailey
  9146 | Bailey   | Noticed an orc knight
  9152 | Bailey   | Reached ***** piety under Okawaru
  9170 | Bailey   | Killed an orc knight
  9182 | Bailey   | Reached XP level 11. HP: 10/64 MP: 11/11
  9640 | D:10     | Noticed test1's ghost (journeyman HOFi)
  9687 | D:10     | Killed test1's ghost
  9687 | D:10     | Reached skill level 12 in Shields
 10051 | D:10     | Noticed Snorg
 10062 | D:10     | Killed Snorg
 10095 | D:10     | Noticed a centaur warrior
 10103 | D:10     | Killed a centaur warrior
 10125 | D:10     | Received a gift from Okawaru
 10131 | D:10     | Reached ****** piety under Okawaru
 10174 | D:10     | Found an iron altar of Okawaru.
 10469 | D:11     | Reached skill level 13 in Shields
 10482 | D:11     | Noticed a green ugly thing
 10482 | D:11     | Noticed a centaur warrior
 10482 | D:11     | Noticed a two-headed ogre
 10507 | D:11     | Killed a centaur warrior
 10510 | D:11     | Killed a green ugly thing
 10687 | D:11     | Killed a two-headed ogre
 10687 | D:11     | Received a gift from Okawaru
 10786 | D:11     | Noticed a two-headed ogre
 10794 | D:11     | Killed a two-headed ogre
 10794 | D:11     | Reached XP level 12. HP: 63/70 MP: 12/12
 11097 | D:11     | Noticed HypnoRock's ghost (journeyman BaFi)
 11118 | D:11     | Killed HypnoRock's ghost
 11118 | D:11     | Reached skill level 14 in Shields
 11286 | D:11     | Found a staircase to the Lair.
 11316 | D:11     | Received a gift from Okawaru
 11508 | D:11     | Found a staircase to the Orcish Mines.
 12304 | D:12     | Noticed a two-headed ogre
 12310 | D:12     | Noticed a two-headed ogre
 12339 | D:12     | Mangled by a two-headed ogre

Skill      XL: |  1  2  3  4  5  6  7  8  9 10 11 12 |
---------------+-------------------------------------+-----
Shields        | 4 5 6 7 10 11 13 14 | 14.4
Maces & Flails | 3 4 5 6 8 10 12 13 | 13.1
Fighting       | 4 5 6 |  6.0
Armour         | 4 5 6 |  6.0

Action                   |  1- 3 |  4- 6 |  7- 9 | 10-12 || total
-------------------------+-------+-------+-------+-------++-------
Melee: Flail             |   118 |   251 |   221 |       ||   590
       Whip              |       |       |   207 |   303 ||   510
       Morningstar       |       |       |       |   322 ||   322
 Abil: Evoke Flight      |       |       |       |     4 ||     4
       Stop Flying       |       |       |       |     2 ||     2
Evoke: Wand              |       |       |       |     2 ||     2
  Use: Scroll            |       |     7 |     4 |    15 ||    26
       Potion            |       |     1 |       |       ||     1
  Eat: Chunk             |     1 |     6 |     9 |    11 ||    27
       Ration            |       |     1 |       |     3 ||     4
Armor: Scale mail        |   125 |   189 |    81 |       ||   395
       Chain mail        |       |       |   102 |   268 ||   370
Dodge: Dodged            |    93 |   138 |   123 |   120 ||   474
Block: Shield            |    25 |       |   113 |   415 ||   553
